 Dungeon Crawl Stone Soup version 0.23.2-1-ga50397a (webtiles) character file.

Game seed: 9479392170411112273

5822 Chardonkbarnk the Cleaver (level 10, -6/91 HPs)
             Began as a Minotaur Berserker on Apr 15, 2019.
             Was an Elder of Trog.
             Killed from afar by an electric eel (10 damage)
             ... with a bolt of electricity
             ... while paralysed
             ... on level 9 of the Dungeon on Apr 17, 2019.
             The game lasted 02:47:37 (8817 turns).

Chardonkbarnk the Cleaver (Minotaur Berserker)      Turns: 8817, Time: 02:47:38

Health: -6/91      AC: 14    Str: 24    XL:     10   Next: 51%
Magic:  9/9        EV:  2    Int:  4    God:    Trog [****..]
Gold:   287        SH:  0    Dex: 11    Spells: 9/9 levels left

rFire    x . .     SeeInvis .   S - +0 war axe
rCold    + . .     Gourm    .   (no shield)
rNeg     + . .     Faith    .   U - +0 chain mail {rPois}
rPois    +         Spirit   .   (helmet restricted)
rElec    .         Reflect  .   (no cloak)
rCorr    .         Harm     .   G - +0 pair of gloves
MR       .....                  P - +0 pair of boots
Stlth    ..........             (no amulet)
HPRegen  0.25/turn              N - ring of positive energy
MPRegen  0.11/turn              h - ring of ice

@: paralysed, berserk cooldown, slowed
A: retaliatory headbutt, horns 2
a: Berserk, Trog's Hand, Brothers in Arms, Renounce Religion


You were on level 9 of the Dungeon.
You worshipped Trog.
Trog was greatly pleased with you.
You were hungry.

You visited 1 branch of the dungeon, and saw 9 of its levels.

You collected 405 gold pieces.
You spent 118 gold pieces at shops.

Inventory:

Hand Weapons
 L - a +0 lajatang
 S - a +0 war axe (weapon)
 X - a +2 falchion of flaming
 Y - a +2 dagger of freezing
 Z - the +0 halberd "Puyvouzi" {speed, +Fly Dex-2 SInv}
   (You found it on level 8 of the Dungeon)

   Attacks with this weapon are significantly faster.
   It affects your dexterity (-2).
   It lets you see invisible.
   It lets you fly.
Missiles
 d - 6 javelins
 k - 224 stones (quivered)
 r - 110 arrows
 v - a tomahawk of dispersal
 w - 24 poisoned needles
 F - 9 tomahawks of returning
Armour
 a - a +0 cloak
 B - a +0 plate armour
 G - a +0 pair of gloves (worn)
 P - a +0 pair of boots (worn)
 U - a +0 chain mail of poison resistance (worn)
Jewellery
 h - a ring of ice (right hand)
 A - an uncursed amulet of harm
 N - a ring of positive energy (left hand)
Wands
 z - a wand of polymorph (10)
 E - a wand of flame (18)
 I - a wand of scattershot (1)
 K - a wand of clouds (4)
Scrolls
 b - a scroll of teleportation {unknown}
 e - 4 scrolls of remove curse
 f - 2 scrolls of enchant armour {unknown}
 i - a scroll of immolation {unknown}
 j - a scroll of brand weapon {unknown}
 n - 2 scrolls of enchant weapon {unknown}
 s - 2 scrolls of fog {unknown}
 u - a scroll of fear {unknown}
 y - a scroll of magic mapping {unknown}
 C - 7 scrolls of identify
 D - a scroll of amnesia {unknown}
 O - a scroll of torment {unknown}
 T - 2 scrolls of noise {unknown}
Potions
 g - 2 potions of invisibility {unknown}
 q - 2 potions of might
 t - a potion of berserk rage {unknown}
 x - 3 potions of lignification {unknown}
 H - a potion of curing
 Q - a potion of cancellation {unknown}
 R - a potion of ambrosia {unknown}
 V - a potion of haste {unknown}
Comestibles
 c - 13 rations


   Skills:
 + Level 9.1 Fighting
 + Level 10.3(10.5) Axes
 + Level 3.4(9.3) Polearms
 + Level 8.7(9.1) Staves
 + Level 0.6 Throwing
 + Level 9.7 Armour
 + Level 3.7 Dodging
 + Level 1.1 Stealth


You had 9 spell levels left.
You didn't know any spells.
Your spell library was empty.

Dungeon Overview and Level Annotations

Branches:
Dungeon (9/15)             Temple (0/1) D:6
   Lair: D:8-11         Orc: D:9-12

Altars:
Ashenzari
Cheibriados
Makhleb
Xom
The Shining One

Shops:
D:4 %   D:5 =%   D:8 [

Annotations:
D:7 2 transporters, Gadfly's ghost, novice DrTm


Innate Abilities, Weirdness & Mutations

You reflexively headbutt those who attack you in melee.
You have a pair of horns on your head.


Message History

The electric eel completely resists.
You feel your anger nearly subside.
You are no longer berserk.
You pass out from exhaustion.
You feel yourself slow down.
The electric eel shoots out a bolt of lightning at you!
The bolt of electricity hits you! x2
The electric eel shoots out a bolt of lightning at you!
The bolt of electricity hits you!
* * * LOW HITPOINT WARNING * * *
The bolt of electricity hits you!
* * * LOW HITPOINT WARNING * * *
The electric eel shoots out a bolt of lightning at you!
The bolt of electricity hits you!
* * * LOW HITPOINT WARNING * * *
The electric eel shoots out a bolt of lightning at you!
The bolt of electricity hits you.
* * * LOW HITPOINT WARNING * * *
The electric eel shoots out a bolt of lightning at you!
The bolt of electricity hits you!
You die...

#.. .. #.. .# . #.. .# ..
#.. .# # #..# ##
...##..#.#####.# #..# #.
......... ..... #..# #.
........###.##.####..# ..
.≈......@)<..#.......###.
.≈.≈.;..(#)..#.......+ ..
≈.≈≈≈;.......#.......# #.
≈≈≈≈≈.≈..............###.
≈≈≈≈≈......#(............
≈≈≈≈.≈≈;...#.........###.
.≈.≈≈≈≈≈...#...####### #.
..≈≈≈≈≈≈...#.#).########.
.§≈≈≈≈≈.....#..##......<


You could see 3 electric eels.

Vanquished Creatures
  A hydra (D:8)
  A two-headed ogre (D:9)
  Psyche (D:9)
  Grinder (D:3)
  2 dream sheep (D:8)
  Sigmund (D:6)
  2 yaks (D:8)
  A hungry ghost (D:8)
  A sky beast (D:8)
  An ice beast (D:9)
  A necrophage (D:6)
  A phantom (D:7)
  4 wolves (D:8)
  A centaur (D:6)
  7 ogres
  4 big kobolds (D:8)
  3 bullfrogs
  3 scorpions
  5 crimson imps
  5 hounds
  A jelly (D:6)
  5 orc priests
  4 orc wizards
  A bullfrog zombie (D:5)
  Ijyb (D:3)
  2 bullfrog skeletons
  2 iguanas (D:6)
  5 worker ants
  A hound zombie (D:7)
  2 hound skeletons
  A howler monkey zombie (D:8)
  2 worker ant zombies
  7 adders
  A shadow imp (D:6)
  3 oozes
  2 worms
  A dart slug (D:2)
  3 leopard geckos
  22 orcs
  4 giant cockroaches
  8 goblins
  3 hobgoblins
  7 jackals
  A quokka (D:7)
  2 ball pythons
  9 bats
  12 frilled lizards
  11 kobolds
  A leopard gecko zombie (D:5)
  2 quokka skeletons
  3 rats (D:2)
175 creatures vanquished.

Vanquished Creatures (others)
  An orc (D:9)
1 creature vanquished.

Grand Total: 176 creatures vanquished

Notes
Turn   | Place    | Note
-------+----------+-------------------------------------------
     0 | D:1      | Chardonkbarnk the Minotaur Berserker began the quest for
                  | the Orb.
     0 | D:1      | Reached XP level 1. HP: 19/19 MP: 0/0
    66 | D:1      | Reached XP level 2. HP: 20/27 MP: 1/1
   450 | D:1      | Reached skill level 4 in Axes
   810 | D:2      | Reached XP level 3. HP: 24/33 MP: 2/2
   811 | D:2      | Reached ** piety under Trog
  1144 | D:2      | Found a snail-covered altar of Cheibriados.
  1145 | D:2      | Found a glowing golden altar of the Shining One.
  1391 | D:2      | Reached XP level 4. HP: 41/41 MP: 3/3
  1893 | D:3      | Reached skill level 5 in Axes
  1965 | D:3      | Reached XP level 5. HP: 47/47 MP: 4/4
  2030 | D:3      | Noticed Grinder
  2037 | D:3      | Paralysed by Grinder for 3 turns
  2051 | D:3      | Killed Grinder
  2051 | D:3      | Reached skill level 6 in Axes
  2051 | D:3      | Reached XP level 6. HP: 33/55 MP: 5/5
  2426 | D:3      | Noticed Ijyb
  2437 | D:3      | Killed Ijyb
  2437 | D:3      | Reached skill level 5 in Fighting
  2571 | D:4      | Reached skill level 7 in Axes
  2574 | D:4      | Reached XP level 7. HP: 61/61 MP: 6/6
  2620 | D:4      | Found Yshruh's Food Shoppe.
  2623 | D:4      | Bought a ration for 55 gold pieces
  2707 | D:4      | Reached *** piety under Trog
  2997 | D:4      | Reached skill level 5 in Armour
  3302 | D:4      | Reached skill level 1 in Stealth
  3454 | D:5      | Entered Level 5 of the Dungeon
  3517 | D:5      | Reached skill level 8 in Axes
  3520 | D:5      | Found Querch's Food Emporium.
  3869 | D:5      | Found Gawkidec's Jewellery Shoppe.
  3955 | D:5      | Found a shimmering altar of Xom.
  4654 | D:6      | Reached XP level 8. HP: 70/70 MP: 7/7
  4677 | D:6      | Found a staircase to the Ecumenical Temple.
  4890 | D:6      | Reached skill level 9 in Axes
  5260 | D:6      | Noticed Sigmund
  5262 | D:6      | Killed Sigmund
  5656 | D:7      | Found a shattered altar of Ashenzari.
  5659 | D:7      | Found a transporter.
  5664 | D:7      | Noticed Gadfly's ghost (novice DrTm)
  5684 | D:7      | Found a transporter.
  5699 | D:7      | Reached skill level 10 in Axes
  5753 | D:7      | Reached skill level 1 in Staves
  5807 | D:7      | Reached XP level 9. HP: 73/79 MP: 8/8
  6234 | D:7      | Reached **** piety under Trog
  6619 | D:7      | Found a burning altar of Makhleb.
  6619 | D:7      | Noticed a green death
  6764 | D:8      | Found Tuneluce's Armour Boutique.
  6770 | D:8      | Bought a +0 pair of boots for 63 gold pieces
  7128 | D:8      | Reached skill level 5 in Staves
  7770 | D:8      | Noticed a two-headed hydra
  7777 | D:8      | Killed a five-headed hydra
  7777 | D:8      | Reached XP level 10. HP: 81/90 MP: 9/9
  7786 | D:8      | Got a twisted halberd
  7787 | D:8      | Identified the cursed +0 halberd "Puyvouzi" {speed, +Fly
                  | Dex-2 SInv} (You found it on level 8 of the Dungeon)
  8107 | D:9      | Noticed a two-headed ogre
  8115 | D:9      | Killed a two-headed ogre
  8115 | D:9      | Reached skill level 1 in Polearms
  8265 | D:9      | Noticed Psyche
  8809 | D:9      | Killed Psyche
  8817 | D:9      | HP: 4/91 [electric eel/bolt of electricity (6)]
  8817 | D:9      | Killed from afar by an electric eel

Skill      XL: |  1  2  3  4  5  6  7  8  9 10 |
---------------+-------------------------------+-----
Fighting       | 4 5 6 7 8 9 |  9.1
Axes           | 4 5 6 7 8 10 | 10.3
Armour         | 3 4 5 7 8 9 |  9.7
Dodging        | 3 |  3.7
Stealth        | 1 |  1.1
Staves         | 1 7 8 |  8.7
Polearms       | 3 |  3.4
Throwing       | |  0.6

Action                   |  1- 3 |  4- 6 |  7- 9 | 10-12 || total
-------------------------+-------+-------+-------+-------++-------
Melee: Hand axe          |    76 |    72 |   145 |       ||   293
       Headbutt          |     6 |    14 |    81 |    12 ||   113
       Lajatang          |       |       |   149 |     5 ||   154
       War axe           |       |       |    10 |    10 ||    20
       Halberd           |       |       |       |    42 ||    42
Throw: Stone             |       |       |     8 |     3 ||    11
Invok: Berserk           |     1 |     3 |     5 |     1 ||    10
Evoke: Wand              |       |       |       |     2 ||     2
  Use: Scroll            |     5 |     1 |     7 |     2 ||    15
       Potion            |       |     4 |       |       ||     4
  Eat: Chunk             |     1 |     2 |     3 |       ||     6
       Ration            |     1 |     1 |     5 |     2 ||     9
Armor: Animal skin       |     1 |       |       |       ||     1
       Scale mail        |    25 |    24 |       |       ||    49
       Plate armour      |       |       |   126 |       ||   126
       Chain mail        |       |       |    50 |    44 ||    94
Dodge: Dodged            |    31 |    46 |    99 |    44 ||   220
